 Dungeon Crawl Stone Soup version 0.29-a0-284-gf9362112df (webtiles) character file.

Game seed: 9972173386809518341

12263 avis the Grappler (level 11, -2/99 HPs)
             Began as a Hill Orc Transmuter on Mar 18, 2022.
             Was a Believer of Beogh.
             Killed from afar by Erica (16 damage)
             ... with a lance of force
             ... on level 2 of the Lair of Beasts on Mar 19, 2022.
             The game lasted 01:39:19 (19157 turns).

avis the Grappler (Hill Orc Transmuter)            Turns: 19157, Time: 01:39:19

Health: -2/99      AC:  2    Str: 16    XL:     11   Next: 90%
Magic:  15/17      EV: 22    Int: 15    God:    Beogh [**....]
Gold:   96         SH:  5    Dex: 16    Spells: 5/18 levels left

rFire   . . .      SeeInvis .     - Unarmed
rCold   . . .      Faith    .   (shield currently unavailable)
rNeg    . . .      Spirit   .   (body armour currently unavailable)
rPois   .          Reflect  +   (helmet currently unavailable)
rElec   .          Harm     .   (cloak currently unavailable)
rCorr   .          Rampage  .   (gloves currently unavailable)
Will    .....                   (boots currently unavailable)
Stlth   +.........              M - amulet of reflection
HPRegen 0.26/turn               t - ring of poison resistance
MPRegen 0.15/turn               F - ring of wizardry

@: spider-form
A: venomous fangs, tiny
a: End Transformation, Renounce Religion, Smiting


You were on level 2 of the Lair of Beasts.
You worshipped Beogh.
Beogh was pleased with you.
You were a venomous arachnid creature.
You visited 3 branches of the dungeon, and saw 13 of its levels.
You also visited: Bailey.

You collected 770 gold pieces.
You spent 674 gold pieces at shops.

Inventory:

Missiles
 w - 29 poisoned darts
 B - 9 atropa-tipped darts
 P - 6 curare-tipped darts
Armour
 b - the +5 pair of boots of Mysticism (melded) {Rampage rF- Int+4 Stlth+}
   (You acquired it on level 1 of the Lair of Beasts)

   Int:       It affects your intelligence (+4).
   rF:        It makes you vulnerable to fire.
   Rampage:   It bestows one free step when moving towards enemies.
   Stlth:     It makes you more stealthy.
 T - +0 acid dragon scales (melded)
 W - a +1 helmet (melded)
Magical Staves
 a - a staff of cold (melded)
Jewellery
 o - the ring "Wita" {Ice SInv}
   (You acquired it in the Ecumenical Temple)

   [ring of ice]

   It enhances your ice magic.
   rF:        It makes you vulnerable to fire.
   rC:        It protects you from cold.
   SInv:      It lets you see invisible.
 t - a ring of poison resistance (left front leg)
 F - a ring of wizardry (right front leg)
 K - a ring of protection from fire
 M - an amulet of reflection (around neck)
Wands
 f - a wand of digging (7)
 k - a wand of flame (30)
 A - a wand of iceblast (15)
 I - a wand of mindburst (9)
 N - a wand of polymorph (10)
Scrolls
 c - 5 scrolls of blinking
 h - 2 scrolls of fog
 l - a scroll of fear
 D - 2 scrolls of teleportation
 G - a scroll of amnesia {unknown}
 H - a scroll of magic mapping
Potions
 d - 3 potions of cancellation
 e - a potion of invisibility
 g - 6 potions of curing
 m - 5 potions of flight
 v - 2 potions of resistance {unknown}
 z - 3 potions of might {unknown}
 C - 4 potions of magic
 E - 2 potions of mutation {unknown}
 R - 6 potions of haste {unknown}
 S - a potion of lignification


   Skills:
 - Level 10.0 Fighting
 - Level 5.0 Armour
 - Level 5.0 Dodging
 * Level 13.3 Unarmed Combat
 - Level 4.0 Spellcasting
 - Level 4.0 Transmutations
 - Level 4.0 Ice Magic
 - Level 1.0 Poison Magic
 - Level 5.0 Invocations


You had 5 spell levels left.
You knew the following spells:

 Your Spells              Type           Power      Damage    Failure   Level
a - Beastly Appendage     Tmut           30%        N/A       4%          1
e - Wereblood             Tmut           15%        N/A       6%          2
o - Ozocubu's Armour      Ice            15%        N/A       11%         3
p - Spider Form           Tmut/Pois      10%        N/A       16%         3
q - Ice Form              Ice/Tmut       15%        N/A       26%         4

Your spell library contained the following spells:

 Spells                   Type           Power      Damage    Failure   Level
 Freeze                   Ice            60%        1d8       4%          1
 Frozen Ramparts          Ice            30%        1d5       11%         3
 Ensorcelled Hibernation  Hex/Ice        18%        N/A       12%         2
 Apportation              Tloc           6%         N/A       16%         1
 Magic Dart               Conj           12%        1d3       16%         1
 Pain                     Necr           12%        1d4       16%         1
 Poisonous Vapours        Pois/Air       8%         N/A       19%         2
 Corpse Rot               Necr/Air       6%         N/A       21%         2
 Scorch                   Fire           6%         2d5       21%         2
 Searing Ray              Conj           6%         2d4       21%         2
 Sublimation of Blood     Necr           3%         N/A       21%         2
 Ignite Poison            Fire/Tmut/Pois 7%         N/A       22%         3
 Mephitic Cloud           Conj/Pois/Air  3%         N/A       32%         3
 Summon Guardian Golem    Hex/Summ       3%         N/A       36%         3
 Tukima's Dance           Hex            3%         N/A       36%         3
 Summon Ice Beast         Ice/Summ       9%         N/A       45%         4
 Anguish                  Hex/Necr       1%         N/A       71%         4
 Flame Wave               Conj/Fire      3%         2d4       71%         4
 Fulminant Prism          Conj/Hex       1%         3d6       71%         4
 Iskenderun's Mystic Bla  Conj/Tloc      3%         2d3       71%         4
 Passage of Golubria      Tloc           3%         N/A       71%         4
 Metabolic Englaciation   Hex/Ice        4%         N/A       77%         5
 Yara's Violent Unravell  Hex/Tmut       4%         3d4       77%         5
 Freezing Cloud           Conj/Ice/Air   3%         6-21      85%         5
 Lee's Rapid Deconstruct  Erth           1%         3d5*      94%         5
 Simulacrum               Ice/Necr       4%         N/A       99%         6
 Summon Cactus Giant      Summ           1%         N/A       100%        6
 Orb of Destruction       Conj           1%         9d5       100%        7
 Spellforged Servitor     Conj/Summ      1%         N/A       100%        7
 Summon Hydra             Summ           1%         N/A       100%        7


Dungeon Overview and Level Annotations

Branches:
Dungeon (10/15)            Temple (1/1) D:5            Lair (2/6) D:8
    Orc (0/2) D:10         Bailey (visited)
  Swamp: Lair:2-4    Shoals: Lair:2-4     Snake: Lair:2-4    Spider: Lair:2-4

Altars:
Ashenzari

Shops:
D:2 =   D:4 (   D:7 :(*   D:8 !

Annotations:
Lair:2 Erica


Message History

Magic restored.
Casting: Ice Form (dangerous; 14% risk of failure)
Confirm with . or Enter, or press ? or * to list all spells.
You turn into a venomous arachnid creature.
Your staff of cold melds into your body.
Your +1 helmet melds into your body.
The +5 pair of boots of Mysticism {Rampage rF- Int+4 Stlth+} melds into your body.
Your +0 acid dragon scales melds into your body.
You climb downwards.
Level annotation: Erica
There is a stone staircase leading up here.
You barely miss Erica.
Erica casts a spell.
Erica flickers and vanishes!
Deactivating autopickup; reactivate with Ctrl-A.
You hit something. Something hits you! Something burns you.
You maul something!!
Something barely misses you.
You bite something! Something hits you! Something burns you.
You hit something. You hit something but do no damage. Something hits you.
Something burns you.
You hit something.
You hear some strange, mumbled words.
A bolt of poison appears from out of thin air!
The bolt of poison hits you!!
You are poisoned.
You hit something.
You feel very sick. Something hits you!
* * * LOW HITPOINT WARNING * * *
Something burns you.
* * * LOW HITPOINT WARNING * * *
You feel better. Something hits you!
* * * LOW HITPOINT WARNING * * *
Something burns you.
* * * LOW HITPOINT WARNING * * *
You feel better.
You hear some strange, mumbled words.
A lance of force appears from out of thin air!
The lance of force hits you!
You die...

## ### #####. ### # ### ###.###
P..#..####.#####.#P.###P#..P#
...........{s................ .
................##..#.#..... ..
...#..#.##P....####.###.... .#P
#.#..####....# #.###..... ...
..#.....#.....# #...##....
..#...##...........###..#......
......#......##....+....###....
......'......P#....###...#.....
......##.##.###.....##..#.#....


There were no monsters in sight!

Vanquished Creatures
  An orc warlord (Bailey)
  A black mamba (Lair:1)
  A cane toad (Lair:1)
  5 komodo dragons
  A troll (D:10)
  A hornet (D:8)
  4 blink frogs (Lair:1)
  Sigmund (D:6)
  A wraith (D:10)
  4 wyverns
  5 yaks
  A basilisk (Lair:1)
  A steam dragon (D:9)
  Edmund (D:6)
  An acid dragon (D:8)
  5 water moccasins
  8 orc warriors
  2 ice beasts
  3 sky beasts
  6 black bears
  An ogre (D:6)
  7 centaurs
  A kobold brigand (D:9)
  A phantom (D:5)
  2 gnoll sergeants (D:8)
  10 bullfrogs
  10 wights
  11 killer bees (D:8)
  6 howler monkeys
  2 electric eels (D:10)
  2 jellies
  4 hounds
  7 orc priests
  2 gnoll shamans
  4 iguanas
  8 orc wizards
  13 gnolls
  15 adders
  2 shadow imps
  5 white imps
  An ufetubus (D:6)
  3 worms
  4 dart slugs
  39 orcs
  5 bats
  8 endoplasms
  4 giant cockroaches
  7 goblins
  9 hobgoblins
  13 jackals
  6 quokkas
  4 ball pythons
  3 frilled lizards
  19 kobolds
  A rat (D:3)
292 creatures vanquished.

Vanquished Creatures (collateral kills)
  A goblin (Bailey)
1 creature vanquished.

Vanquished Creatures (others)
  An orc warrior (Bailey)
  An orc priest (D:8)
  An orc (D:8)
  22 fungi (D:8)
  21 plants (D:8)
46 creatures vanquished.

Grand Total: 339 creatures vanquished

Notes
Turn   | Place    | Note
-------+----------+-------------------------------------------
     0 | D:1      | avis the Hill Orc Transmuter began the quest for the Orb.
     0 | D:1      | Reached XP level 1. HP: 16/16 MP: 3/3
   131 | D:1      | Reached XP level 2. HP: 22/23 MP: 2/4
   271 | D:1      | Found a faded altar of an unknown god.
   747 | D:2      | Found Jefail's Jewellery Boutique.
  1045 | D:2      | Reached XP level 3. HP: 28/29 MP: 3/5
  1317 | D:2      | Reached skill level 4 in Unarmed Combat
  2018 | D:3      | Noticed a sky beast
  2258 | D:3      | Reached XP level 4. HP: 33/36 MP: 4/6
  2622 | D:3      | Reached skill level 5 in Unarmed Combat
  2802 | D:3      | Learned a level 3 spell: Spider Form
  2819 | D:3      | Reached XP level 5. HP: 39/41 MP: 5/7
  3268 | D:3      | Killed a sky beast
  3269 | D:3      | Reached XP level 6. HP: 34/51 MP: 5/8
  4096 | D:4      | Found Ohawk's Antique Weapon Shoppe.
  4180 | D:4      | Reached skill level 6 in Unarmed Combat
  4632 | D:4      | Learned a level 4 spell: Ice Form
  4684 | D:5      | Entered Level 5 of the Dungeon
  5229 | D:5      | Reached XP level 7. HP: 48/57 MP: 7/9
  5309 | D:5      | Reached skill level 7 in Unarmed Combat
  5309 | D:5      | Reached skill level 1 in Ice Magic
  6196 | D:5      | Reached skill level 8 in Unarmed Combat
  6333 | D:5      | Found a staircase to the Ecumenical Temple.
  6381 | Temple   | Entered the Ecumenical Temple
  6539 | Temple   | Identified a scroll of acquirement
  6539 | Temple   | Acquired the ring "Wita" {Ice SInv}
  6654 | D:6      | Reached XP level 8. HP: 55/63 MP: 7/11
  6761 | D:6      | Reached skill level 9 in Unarmed Combat
  6908 | D:6      | Reached skill level 1 in Poison Magic
  7554 | D:6      | Noticed Sigmund
  7570 | D:6      | Killed Sigmund
  7571 | D:6      | Reached skill level 5 in Fighting
  7571 | D:6      | Reached XP level 9. HP: 74/74 MP: 6/12
  7604 | D:6      | Noticed Edmund
  7611 | D:6      | Killed Edmund
  7612 | D:6      | Reached skill level 10 in Unarmed Combat
  8396 | D:2      | Bought a ring of wizardry for 300 gold pieces
  9218 | D:7      | Reached skill level 11 in Unarmed Combat
  9349 | D:7      | Found Qen Maga's General Store.
  9350 | D:7      | Found Bepyajas's Book Shoppe.
  9351 | D:7      | Found Fumnadus's Antique Weapon Shoppe.
  9759 | D:8      | Became a worshipper of Beogh the Brigand
 10088 | D:8      | Reached skill level 1 in Invocations
 10790 | D:8      | Reached * piety under Beogh
 11005 | D:8      | Noticed a komodo dragon
 11022 | D:8      | Killed a komodo dragon
 11023 | D:8      | Reached XP level 10. HP: 25/86 MP: 11/14
 11427 | D:8      | Reached skill level 5 in Dodging
 12174 | D:7      | Reached skill level 1 in Armour
 12568 | D:8      | Found Gorunoq's Distillery.
 13626 | D:8      | Found a staircase to the Lair.
 13688 | D:9      | Reached skill level 5 in Armour
 14051 | D:9      | Got An Initiation to Wizardry
 14404 | Lair:1   | Entered Level 1 of the Lair of Beasts
 14404 | Lair:1   | Noticed a black mamba
 14412 | Lair:1   | Killed a black mamba
 14413 | Lair:1   | Reached skill level 12 in Unarmed Combat
 14413 | Lair:1   | Reached XP level 11. HP: 95/97 MP: 11/15
 14600 | Lair:1   | Reached ** piety under Beogh
 15115 | Lair:1   | Reached skill level 13 in Unarmed Combat
 15358 | Lair:1   | Reached skill level 10 in Fighting
 15574 | Lair:1   | Learned a level 2 spell: Wereblood
 16335 | D:7      | Bought a book of Winter for 374 gold pieces
 16342 | D:7      | Learned a level 3 spell: Ozocubu's Armour
 16866 | D:10     | Entered Level 10 of the Dungeon
 17047 | D:10     | Found a transporter.
 17089 | D:10     | Found a transporter.
 17096 | D:10     | Found a transporter.
 17107 | D:10     | Found a staircase to the Orcish Mines.
 17170 | D:10     | Found a flagged portal.
 17180 | Bailey   | Entered a bailey
 17260 | Bailey   | Noticed an orc warlord
 17422 | Bailey   | Reached *** piety under Beogh
 17650 | Bailey   | Found a runed translucent gate.
 17652 | Bailey   | Found a runed translucent gate.
 17654 | Bailey   | Found a runed translucent gate.
 17762 | Bailey   | HP: 4/118 [orc warlord/+0 war axe (23)]
 17763 | Bailey   | HP: 1/118 [orc warlord/+0 war axe (22)]
 17765 | Bailey   | Killed an orc warlord
 17766 | Bailey   | Reached skill level 5 in Invocations
 18364 | D:10     | Found a transporter.
 18366 | D:10     | Found a transporter.
 18443 | D:10     | Found a transporter.
 18708 | D:10     | Found a broken altar of Ashenzari.
 19089 | Lair:1   | Acquired the +5 pair of boots of Mysticism {Rampage rF-
                  | Int+4 Stlth+}
 19119 | Lair:2   | Noticed Erica
 19157 | Lair:2   | Killed from afar by Erica

Illustrated notes

Levels and vault maps discovered:
D:1:      lemuel_arrival_hallway, layout_basic, ebering_ecumenical_altar_hall,
          serial_park_tiny_1
D:2:      layout_basic, serial_shops, nicolae_shop_competitors_out_of_business,
          nrook_uturn, minmay_split_cup_small
D:3:      minmay_thinvault, layout_basic, chequers_jeans,
          minmay_misc_feat_square
D:4:      layout_basic, serial_shops, shop
D:5:      layout_basic, temple_doors_ab
D:6:      minmay_recursive_quarters, layout_cave_pools, uniq_edmund,
          uniq_sigmund
D:7:      dreamdust_elfheim, layout_loops_ring, nicolae_wooded_promenade
D:8:      layout_layer_cave, grunt_lair_entry_orc_guard_hut, serial_shops,
          nicolae_shop_waterfront, kennysheep_kite_vault
D:9:      layout_cave_pools
D:10:     layout_basic, nicolae_ashenzari_panopticon, david_orc_2,
          enter_bailey_8, serial_nicolae_subway, nicolae_sub_station_crystal,
          nicolae_sub_station_metal, nicolae_sub_station_stone
Temple:   kilobyte_greek_temple
Lair:1:   layout_regular_city, beast_lair_carwin_7
Lair:2:   layout_regular_city, uniq_erica

Skill      XL: |  1  2  3  4  5  6  7  8  9 10 11 |
---------------+----------------------------------+-----
Transmutations | 2 3 4 |  4.0
Fighting       | 2 3 5 7 9 10 | 10.0
Unarmed Combat | 4 5 6 8 9 11 12 13 | 13.3
Ice Magic      | 1 4 |  4.0
Dodging        | 2 4 5 |  5.0
Spellcasting   | 2 3 4 |  4.0
Poison Magic   | 1 |  1.0
Invocations    | 1 2 5 |  5.0
Armour         | 5 |  5.0

Action                   |  1- 3 |  4- 6 |  7- 9 | 10-12 || total
-------------------------+-------+-------+-------+-------++-------
Melee: Unarmed           |    93 |   175 |   244 |   308 ||   820
       Headbutt          |    17 |    22 |     9 |       ||    48
       Kick              |    17 |    31 |    13 |       ||    61
       Punch             |       |     4 |     7 |       ||    11
 Cast: Beastly Appendage |    28 |    37 |    15 |     1 ||    81
       Spider Form       |       |    10 |    16 |     2 ||    28
       Ice Form          |       |       |    19 |    49 ||    68
       Ozocubu's Armour  |       |       |       |     3 ||     3
Invok: Convert to Beogh  |       |       |     1 |       ||     1
       Smiting           |       |       |       |     3 ||     3
 Abil: End Transformatio |       |       |       |     1 ||     1
  Use: Scroll            |       |       |    16 |     6 ||    22
       Potion            |       |       |     2 |     9 ||    11
 Stab: Sleeping          |       |       |     1 |       ||     1
Armor: Robe              |     2 |       |       |       ||     2
       Leather armour    |    27 |    24 |    15 |       ||    66
       Skin              |       |       |    18 |    76 ||    94
       Acid dragon scale |       |       |       |     1 ||     1
Dodge: Dodged            |    67 |    89 |   101 |   153 ||   410
Block: Other             |       |     9 |    36 |    71 ||   116
       Reflection        |       |       |     1 |     5 ||     6

Table legend: (Time is in decaauts)
 A = Elapsed time spent in this place.
 B = Non-inter-level travel time spent in this place.
 C = Inter-level travel time spent in this place.
 D = Time resting spent in this place.
 E = Time spent auto-exploring this place.
 F = Levels seen in this place.
 G = Mean time per level.
                   A        B        C        D        E       F      G
               +--------+--------+--------+--------+--------+-----+--------+
         Total |  19098 |  16958 |   2140 |   5817 |   7114 |  14 | 1364.1 |
       Dungeon |  15858 |  13849 |   2009 |   4703 |   6107 |  10 | 1585.8 |
        Temple |    325 |    319 |      6 |    182 |      0 |   1 |  325.0 |
          Lair |   1998 |   1874 |    124 |    412 |   1007 |   2 |  999.0 |
        Bailey |    916 |    916 |      0 |    520 |      0 |   1 |  916.0 |
               +--------+--------+--------+--------+--------+-----+--------+

Top non-repeatable levels by time:
     D:8: 2675 daAuts
     D:5: 2201 daAuts
     D:7: 2071 daAuts
     D:3: 1742 daAuts
     D:6: 1686 daAuts
  Lair:1: 1577 daAuts
     D:2: 1465 daAuts
    D:10: 1236 daAuts
     D:4: 1195 daAuts
  Bailey: 916 daAuts
     D:1: 866 daAuts
     D:9: 717 daAuts
  Lair:2: 420 daAuts
  Temple: 325 daAuts
